 Dungeon Crawl Stone Soup version 0.30-a0-748-ge6a52f7cba (webtiles) character file.

Game seed: 17101691780688573586

739 DavidChitty2 the Chopper (level 7, -1/62 HPs)
             Began as a Minotaur Fighter on Feb 8, 2023.
             Slain by a sky beast (5 damage)
             ... on level 5 of the Dungeon.
             The game lasted 00:04:45 (3464 turns).

DavidChitty2 the Chopper (Minotaur Fighter)         Turns: 3464, Time: 00:04:45

Health: -1/62      AC: 12    Str: 22    XL:     7   Next: 46%
Magic:  6/6        EV:  7    Int:  5    God:
Gold:   117        SH:  5    Dex: 10    Spells: 6/6 levels left

rFire   + . .      SeeInvis .    a - +4 broad axe (venom)
rCold   . . .      Faith    .    c - +0 buckler
rNeg    . . .      Spirit   .    o - +2 chain mail {rF+}
rPois   .          Reflect  .    (helmet restricted)
rElec   .          Harm     .    (no cloak)
rCorr   .          Rampage  .    (no gloves)
Will    .....                    (no boots) Stlth
                                 (no amulet)
HPRegen 0.30/turn                (no ring)
MPRegen 0.10/turn                (no ring)

@: no status effects
A: horns 2, retaliatory headbutt
a: no special abilities


You were on level 5 of the Dungeon.
You visited 1 branch of the dungeon, and saw 5 of its levels.

You collected 243 gold pieces.
You spent 126 gold pieces at shops.

Inventory:

Hand Weapons
 a - a +4 broad axe of venom (weapon)
   (You bought it in a shop on level 2 of the Dungeon)
 b - a +1 hand axe of flaming
   (You took it off an orc on level 3 of the Dungeon)
 n - the +1 dagger of the Other Side {flame, rPois Will++ Str+4 Int-5}
   (You found it on level 2 of the Dungeon)

   Str:       It affects your strength (+4).
   Int:       It affects your intelligence (-5).
   rPois:     It protects you from poison.
   Will:      It greatly increases your willpower.
Armour
 c - a +0 buckler (worn)
 o - a +2 chain mail of fire resistance (worn)
   (You found it on level 2 of the Dungeon)
Jewellery
 q - a ring of magical power
   (You found it on level 3 of the Dungeon)
Wands
 s - a wand of mindburst (12)
   (You took it off Ijyb on level 3 of the Dungeon)
Scrolls
 i - 2 scrolls of identify {@r1}
 k - 2 scrolls of fog
Potions
 d - 2 potions of might
 e - 2 potions of ambrosia
 f - a potion of lignification {!q}
 g - a potion of degeneration {unknown}
 h - a potion of brilliance {unknown}
 p - a potion of attraction {!q}
 r - a potion of magic
 u - a potion of haste {@q3}


   Skills:
 + Level 5.7 Fighting
 * Level 6.7 Axes
 + Level 5.7 Armour
 + Level 5.6 Shields


You had 6 spell levels left.
You didn't know any spells.
Your spell library contained the following spells:

 Spells                   Type           Power      Damage    Failure   Level
 Dazzling Flash           Conj/Hex       0%         N/A       100%        3
 Agony                    Necr           0%         N/A       100%        5
 Silence                  Hex/Air        0%         N/A       100%        5


Dungeon Overview and Level Annotations

Branches:
Dungeon (5/15)
 Temple: D:4-7

Altars:
Hepliaklqana
The Shining One

Shops:
D:2 (


Innate Abilities, Weirdness & Mutations

You have a pair of horns on your head.
You reflexively headbutt those who attack you in melee.


Message History

You hit the orc priest.
The orc priest looks even sicker.
You headbutt the orc priest.
You kill the orc priest!
You closely miss the orc. You miss the sky beast.
You block the sky beast's attack. You block the orc's attack.
Your attacks no longer feel as feeble.
The sky beast closely misses you. The orc hits you with a +0 whip.
* * * LOW HITPOINT WARNING * * *
You see here a +0 club.
The sky beast hits you but does no damage.
The orc hits you but does no damage.
The orc priest invokes the aid of Beogh against you.
You struggle to resist.
You hit the orc priest.
The orc priest is poisoned.
You headbutt the orc priest, but do no damage.
You barely miss the orc. You closely miss the sky beast.
The orc hits you from afar with a +0 trident.
* * * LOW HITPOINT WARNING * * *
The orc hits you but does no damage.
The orc priest hits you but does no damage.
You block the sky beast's attack.
The sky beast flickers out of sight!
Deactivating autopickup; reactivate with Ctrl-A.
Something hits you but does no damage. The orc hits you but does no damage.
The orc barely misses you. The orc attacks as you move away!
The orc hits you but does no damage. You block the orc's attack.
Something hits you.
* * * LOW HITPOINT WARNING * * *
Something shocks you.
* * * LOW HITPOINT WARNING * * *
The orc priest hits you but does no damage.
You slash the orc!
You kill the orc!
You hit the orc.
The orc is poisoned.
You hit the orc priest.
The orc priest looks as sick as possible!
You barely miss something. Something hits you but does no damage.
You block the orc's attack.
The orc priest hits you but does no damage.
You hit the orc priest but do no damage.
The orc priest looks as sick as possible!
You barely miss something. You hit the orc.
You kill the orc!
You kill the orc priest!
A sky beast appears from thin air!
Reactivating autopickup.
The sky beast hits you but does no damage.
You miss the sky beast. The sky beast hits you.
* * * LOW HITPOINT WARNING * * *
The sky beast shocks you.
You die...

..... #.......#
.....(###.......#..
.................../....
..............8.8.8.....
........................
#...........?8)).......
#.............).......
#............)Y.......
####...........)@)..[...
.#....>........)).......
......#...............#.
....#####..#.#.........#
##...## ######..........
#....# ...##).##..
##...######.....# ... .
#.....#...#...... #...
##.............


You could see a sky beast.

Vanquished Creatures
  An ogre (D:4)
  A phantom (D:5)
  4 orc priests
  2 hounds (D:5)
  A gnoll bouda (D:5)
  3 jellies
  Ijyb (D:3)
  Robin (D:3)
  7 gnolls
  8 adders
  A white imp (D:5)
  A worm (D:4)
  A dart slug (D:5)
  11 orcs
  12 ball pythons
  5 bats
  3 endoplasms
  4 giant cockroaches
  8 goblins
  11 hobgoblins
  6 jackals
  5 quokkas
  6 frilled lizards
  5 kobolds
  2 rats (D:2)
110 creatures vanquished.

Vanquished Creatures (others)
  9 plants
9 creatures vanquished.

Grand Total: 119 creatures vanquished

Notes
Turn   | Place    | Note
-------+----------+-------------------------------------------
     0 | D:1      | DavidChitty2 the Minotaur Fighter began the quest for the
                  | Orb.
     0 | D:1      | Reached XP level 1. HP: 19/19 MP: 0/0
    83 | D:1      | Reached XP level 2. HP: 27/27 MP: 1/1
   172 | D:1      | Reached skill level 3 in Axes
   785 | D:2      | Reached XP level 3. HP: 33/33 MP: 2/2
   816 | D:2      | Found a hazy altar of Hepliaklqana.
   843 | D:2      | Found Cysihot's Antique Weapon Shop.
  1155 | D:2      | Identified the +1 dagger of the Other Side {flame, rPois
                  | Will++ Str+4 Int-5}
  1281 | D:3      | Reached XP level 4. HP: 27/40 MP: 3/3
  1291 | D:2      | Reached skill level 4 in Axes
  1491 | D:3      | Found a faded altar of an unknown god.
  1518 | D:3      | Noticed Robin
  1518 | D:3      | Noticed Ijyb
  1530 | D:3      | Reached XP level 5. HP: 47/47 MP: 4/4
  1533 | D:3      | Killed Robin
  1550 | D:3      | Killed Ijyb
  2073 | D:3      | Reached skill level 5 in Axes
  2160 | D:2      | Bought a glowing broad axe for 126 gold pieces
  2242 | D:3      | Found a glowing golden altar of the Shining One.
  2662 | D:4      | Reached XP level 6. HP: 46/55 MP: 5/5
  2957 | D:4      | Reached skill level 5 in Armour
  3007 | D:4      | Reached skill level 5 in Fighting
  3007 | D:4      | Reached skill level 5 in Shields
  3265 | D:5      | Entered Level 5 of the Dungeon
  3316 | D:5      | Reached skill level 6 in Axes
  3316 | D:5      | Reached XP level 7. HP: 61/61 MP: 6/6
  3464 | D:5      | Slain by a sky beast

Illustrated notes

Levels and vault maps discovered:
D:1:      eino_arrival_cavern_d, layout_basic
D:2:      layout_basic, serial_shops, nicolae_shop_window_shopping, basic_altar
D:3:      layout_basic, tso_oasis_becter, hellmonk_ecumenical_altar_lost_god,
          nicolae_goblin_pals
D:4:      cheibrodos_old_hovel, layout_loops_ring
D:5:      layout_cave_pools, serial_column_ruins, column_ruins_grid_4,
          column_ruins_open_tiny, column_ruins_open_large,
          column_ruins_corridor_corner, grunt_ministairs_6, minmay_ruined_shrine

Skill      XL: |  1  2  3  4  5  6 |
---------------+-------------------+-----
Axes           | 3 4 5 6 |  6.7
Shields        | 4 5 |  5.6
Armour         | 4 5 |  5.7
Fighting       | 4 5 |  5.7

Action                     |  1- 3 |  4- 6 |  7- 9 || total
---------------------------+-------+-------+-------++-------
  Melee: War axe           |   108 |    61 |       ||   169
         Headbutt          |     8 |     9 |     5 ||    22
         Broad axe         |       |    43 |    19 ||    62
    Use: Scroll            |       |    14 |       ||    14
 Armour: Scale mail        |    55 |       |       ||    55
         Chain mail        |     2 |    59 |    27 ||    88
  Dodge: Dodged            |    54 |    33 |     8 ||    95
  Block: Buckler           |    32 |    21 |     7 ||    60

Table legend: (Time is in decaauts)
 A = Elapsed time spent in this place.
 B = Non-inter-level travel time spent in this place.
 C = Inter-level travel time spent in this place.
 D = Time resting spent in this place.
 E = Time spent auto-exploring this place.
 F = Levels seen in this place.
 G = Mean time per level.
                   A        B        C        D        E       F      G
               +--------+--------+--------+--------+--------+-----+--------+
         Total |   3548 |   3322 |    226 |    342 |   2260 |   5 |  709.6 |
       Dungeon |   3548 |   3322 |    226 |    342 |   2260 |   5 |  709.6 |
               +--------+--------+--------+--------+--------+-----+--------+

Top non-repeatable levels by time:
     D:3: 992 daAuts
     D:4: 904 daAuts
     D:2: 842 daAuts
     D:1: 600 daAuts
     D:5: 207 daAuts
